 Dungeon Crawl Stone Soup version 0.20.1-1-g8b1a95d (webtiles) character file.

82 Jukra the Firebug (level 4, 0/24 HPs)
             Began as an Octopode Fire Elementalist on Sept 11, 2017.
             Slain by an orc
             ... wielding a +0 trident
              (3 damage)
             ... on level 3 of the Dungeon.
             The game lasted 00:11:18 (2245 turns).

Jukra the Firebug (Octopode Fire Elementalist)      Turns: 2245, Time: 00:11:19

Health: 0/24       AC:  3    Str:  7    XL:     4   Next: 43%
Magic:  6/8        EV: 13    Int: 18    God:
Gold:   57         SH:  0    Dex: 12    Spells: 7/8 levels left

rFire    . . .     SeeInvis .   q - -1 spear (curse)
rCold    . . .     Gourm    .   (no shield)
rNeg     . . .     Faith    .   (helmet restricted)
rPois    .         Spirit   .   (no amulet)
rElec    .         Reflect  .   (no ring)
rCorr    .         Harm     .   (no ring)
MR       .....                  (no ring)
Stlth    +++.......             (no ring)
Regen    0.1/turn               (no ring)
MPRegen  0.2/turn               (no ring)
                                (no ring)
                                (no ring)

@: no status effects
A: almost no armour, stealthy swim, amphibious, 8 rings, constrict 8, molten
scales 1, camouflage 1, frail 1, gelatinous body 1
a: no special abilities


You were on level 3 of the Dungeon.
You were not hungry.

You visited 1 branch of the dungeon, and saw 3 of its levels.

You collected 57 gold pieces.

Inventory:

Hand Weapons
 e - a +2 spear of freezing
 j - a +2 hunting sling of freezing
 n - a +0 short sword
 q - a cursed -1 spear (weapon)
Missiles
 l - 45 stones (quivered)
Jewellery
 g - an uncursed amulet of harm {unknown}
Scrolls
 b - 2 scrolls of enchant armour
 d - 2 scrolls of teleportation
 h - a scroll of identify
Potions
 i - a potion of lignification {unknown}
 k - 2 potions of heal wounds
Books
 a - a book of Flames

   Spells                             Type                      Level
   a - Flame Tongue                   Conjuration/Fire             1
   b - Throw Flame                    Conjuration/Fire             2
   c - Conjure Flame                  Conjuration/Fire             3
   d - Inner Flame                    Hexes/Fire                   3
   e - Sticky Flame                   Conjuration/Fire             4
   f - Fireball                       Conjuration/Fire             5
Comestibles
 c - a royal jelly
 f - a fruit
 o - 2 meat rations


   Skills:
 + Level 0.6 Polearms
 + Level 2.2 Dodging
 + Level 2.8 Stealth
 + Level 2.6 Spellcasting
 + Level 1.6 Conjurations
 + Level 4.0 Fire Magic


You had 7 spell levels left.
You knew the following spells:

 Your Spells              Type           Power        Failure   Level  Hunger
a - Flame Tongue          Conj/Fire      ##...        5%          1    #......


Dungeon Overview and Level Annotations

Branches:
Dungeon (3/15)

Altars:
Fedhas
Okawaru


Innate Abilities, Weirdness & Mutations

You cannot wear most types of armour.
You are very stealthy in the water. (Stealth+)
You are amphibious.
You can wear up to eight rings at the same time.
You can use your tentacles to constrict eight enemies at once.
Your skin changes colour to match your surroundings (Stealth+).
Your rubbery body absorbs attacks. (AC +1, EV +1)
You are partially covered in molten scales. (AC +2)
You are frail. (-10% HP)


Message History

The orc barely misses you. The orc hits you.
You hit the orc but do no damage. You grab the orc.
The orc is heavily wounded.
You constrict the orc. x2; The orc barely misses you.
The bat hits you but does no damage. The orc misses you.
The orc hits you but does no damage.
You barely miss the orc. You squeeze the orc.
You kill the orc!
You constrict the orc.
You kill the orc!
The bat hits you. The bat closely misses you.
The orc hits you from afar with a trident!
* * * LOW HITPOINT WARNING * * *
A worm comes into view.
You hit the hobgoblin. You grab the hobgoblin.
The hobgoblin is almost dead.
You constrict the hobgoblin, but do no damage.
The bat hits you but does no damage.
The orc hits you from afar with a trident.
You die...

. #. .# .#. .#
.#.#.## ....w #
#...#
####.#.o.#
....o..g)# #@.#
#..# #..#
#######..######
..............#
#######.).....#
#.....#####
#...###
........


You could see a worm, an orc wizard, an orc and a hobgoblin.

Vanquished Creatures
  An adder (D:2)
  An ooze (D:1)
  2 worms (D:2)
  2 dart slugs (D:1)
  A leopard gecko (D:2)
  2 orcs (D:3)
  6 bats
  4 giant cockroaches
  12 goblins
  6 hobgoblins
  A quokka (D:2)
  A ball python (D:2)
  4 frilled lizards
  7 kobolds
  5 rats (D:2)
55 creatures vanquished.

Notes
Turn   | Place    | Note
-------+----------+-------------------------------------------
     0 | D:1      | Jukra the Octopode Fire Elementalist began the quest for the Orb.
     0 | D:1      | Reached XP level 1. HP: 11/11 MP: 3/3
    80 | D:1      | Found an iron altar of Okawaru.
   248 | D:1      | Reached XP level 2. HP: 17/17 MP: 1/5
   530 | D:1      | Reached XP level 3. HP: 21/21 MP: 4/6
  1551 | D:2      | Reached XP level 4. HP: 27/27 MP: 0/7
  1562 | D:2      | Found a blossoming altar of Fedhas.
  1570 | D:2      | Reached skill level 4 in Fire Magic
  1901 | D:2      | Gained mutation: Your flesh is cold resistant. (rC+) [potion of mutation]
  1901 | D:2      | Gained mutation: You have supernaturally acute eyesight. (SInv) [potion of mutation]
  1901 | D:2      | Gained mutation: Your mind is acute. (Int +2) [potion of mutation]
  1901 | D:2      | Gained mutation: You are partially covered in yellow scales. (AC +2) [potion of mutation]
  1902 | D:2      | Lost mutation: Your mind is acute. (Int +2) [potion of mutation]
  1902 | D:2      | Lost mutation: You are partially covered in yellow scales. (AC +2) [potion of mutation]
  1902 | D:2      | Lost mutation: Your flesh is cold resistant. (rC+) [potion of mutation]
  1902 | D:2      | Lost mutation: You have supernaturally acute eyesight. (SInv) [potion of mutation]
  1902 | D:2      | Gained mutation: You are frail. (-10% HP) [potion of mutation]
  1902 | D:2      | Gained mutation: You are partially covered in molten scales. (AC +2) [potion of mutation]
  2245 | D:3      | Slain by an orc

Skill      XL: |  1  2  3  4 |
---------------+-------------+-----
Fire Magic     | 4 |  4.0
Polearms       | |  0.6
Dodging        | |  2.2
Stealth        | |  2.8
Spellcasting   | |  2.6
Conjurations   | |  1.6

Action                   |  1- 3 |  4- 6 || total
-------------------------+-------+-------++-------
Melee: Spear             |    21 |    13 ||    34
       Constrict         |     8 |     5 ||    13
       Tentacles         |     4 |     2 ||     6
       Unarmed           |     1 |       ||     1
 Cast: Flame Tongue      |    44 |    29 ||    73
  Use: Scroll            |       |     6 ||     6
       Potion            |       |     5 ||     5
  Eat: Chunk             |     2 |     1 ||     3
       Bread ration      |       |     1 ||     1
Armor: Skin              |     2 |     5 ||     7
Dodge: Dodged            |    18 |    19 ||    37
